 Dungeon Crawl Stone Soup version 0.24-a0-335-g06ca16a (webtiles) character file.

Game seed: 17326997004160321759

1783 wirefist the Cudgeler (level 8, -4/83 HPs)
             Began as a Troll Berserker on May 19, 2019.
             Was a Priest of Trog.
             Slain by a killer bee (5 damage)
             ... on level 6 of the Dungeon.
             The game lasted 00:14:13 (5031 turns).

wirefist the Cudgeler (Troll Berserker)             Turns: 5031, Time: 00:14:14

Health: -4/83      AC:  7    Str: 32    XL:     8   Next: 81%
Magic:  7/7        EV: 13    Int:  3    God:    Trog [***...]
Gold:   377        SH:  0    Dex:  9    Spells: 7/7 levels left

rFire    + + .     SeeInvis .   n - +0 giant club
rCold    . . .     Gourm    +   (shield currently unavailable)
rNeg     . . .     Faith    .   b - +0 animal skin
rPois    .         Spirit   .   (helmet restricted)
rElec    .         Reflect  .   p - +0 cloak of the Worm {rF++ Str+4}
rCorr    .         Harm     .   (gloves unavailable)
MR       .....                  (boots unavailable)
Stlth    +.........             (no amulet)
HPRegen  0.63/turn              e - +1 ring of evasion
MPRegen  0.10/turn              (no ring)

@: lethally poisoned (-4 -> -8), berserk cooldown, slowed, very slow
A: large, unfitting armour, claws 3, fast metabolism 3, gourmand, regeneration
1, shaggy fur 1, tough skin 3
a: Berserk, Trog's Hand, Renounce Religion


You were on level 6 of the Dungeon.
You worshipped Trog.
Trog was most pleased with you.
You were very full.

You visited 2 branches of the dungeon, and saw 8 of its levels.

You collected 377 gold pieces.

Inventory:

Hand Weapons
 a - a +0 mace
 f - a +0 giant spiked club
 n - a +0 giant club (weapon)
 s - the +2 hunting sling of Peril {freeze, rPois rC++ Dex-3}
   (You found it on level 6 of the Dungeon)

   It causes projectiles fired from it to freeze those they strike, causing
   extra injury to most foes and up to half again as much damage against
   particularly susceptible opponents.
   They can also slow down cold-blooded creatures.
   It affects your dexterity (-3).
   It greatly protects you from cold.
   It protects you from poison.
Armour
 b - a +0 animal skin (worn)
 p - the +0 cloak of the Worm (worn) {rF++ Str+4}
   (You found it on level 5 of the Dungeon)

   It affects your strength (+4).
   It greatly protects you from fire.
 w - a +0 shield
Jewellery
 e - a +1 ring of evasion (left claw)
 l - a cursed ring of teleportation
Wands
 u - a wand of random effects (11)
Scrolls
 g - 3 scrolls of identify
 i - 4 scrolls of teleportation
 j - a scroll of enchant armour {unknown}
 q - a scroll of blinking {unknown}
 v - a scroll of remove curse {unknown}
Potions
 d - a potion of lignification {unknown}
 h - a potion of brilliance
 k - a potion of heal wounds {unknown}
 m - a potion of curing
 o - 2 potions of agility {unknown}
 r - a potion of flight {unknown}
 x - a potion of degeneration {unknown}
Comestibles
 c - 9 rations


   Skills:
 + Level 6.0 Fighting
 + Level 6.6 Maces & Flails
 + Level 6.0 Dodging


You had 7 spell levels left.
You didn't know any spells.
Your spell library was empty.

Dungeon Overview and Level Annotations

Branches:
Dungeon (7/15)             Temple (1/1) D:4

Altars:
Ashenzari
Cheibriados
Dithmenos
Elyvilon
Fedhas
Gozag
Makhleb
Nemelex Xobeh
Okawaru
Qazlal
Sif Muna
Trog
Vehumet
Wu Jian
Xom
Zin
The Shining One

Shops:
D:6 ?


Innate Abilities, Weirdness & Mutations

You are too large for most types of armour.
You have claws for hands.
Your metabolism is lightning-fast.
You like to eat raw meat.
Your natural rate of healing is unusually fast.
You are covered in fur. (AC +1)
You have extremely tough skin. (AC +3)


Message History

The killer bee stings you.
* * * LOW HITPOINT WARNING * * *
The killer bee barely misses you. x2
You miss the killer bee.
You feel sick.
The killer bee stings you but does no damage.
The killer bee barely misses you.
The killer bee stings you but does no damage.
The killer bee stings you!
* * * LOW HITPOINT WARNING * * *
You miss the killer bee.
You feel sick. The killer bee barely misses you. x2
The killer bee stings you!
* * * LOW HITPOINT WARNING * * *
You are lethally poisoned!
The killer bee poisons you!
You barely miss the killer bee.
* * * LOW HITPOINT WARNING * * *
You feel very sick. The killer bee barely misses you.
The killer bee completely misses you. The killer bee stings you.
You die...

..#..........#...................
.......##.#..#......#..###..###..
.......#####.#......#..####.)##..
.##...............####....)))....
÷....#..........#...#............
....###........##..........##....
...#...........##[.......#.#.....
...∩...........##>†......#......#
......#.........@y[..........=.##
#....###..................##....#
...####....................##.###
..######.#.................##.#
#.##.....#....>.............###
#.##........................#
#........##.................##
'.(.##.#.##.##...............##
#..##....#..#.................###


You could see a killer bee.

Vanquished Creatures
  An orc warrior (D:6)
  A black bear (D:7)
  3 ogres
  2 sky beasts (D:6)
  A centaur (D:6)
  2 scorpions
  4 killer bees
  2 howler monkeys
  A centaur skeleton (D:7)
  5 orc wizards
  2 hounds
  3 orc priests
  An iguana (D:4)
  5 worker ants
  A hound zombie (D:4)
  11 adders
  3 shadow imps
  An adder skeleton (D:5)
  5 worms
  3 dart slugs (D:1)
  7 leopard geckos
  16 orcs
  3 giant cockroaches
  5 goblins (D:2)
  7 hobgoblins
  2 jackals (D:5)
  8 kobolds
  3 quokkas
  2 ball pythons
  8 bats
  3 frilled lizards
  A giant cockroach zombie (D:6)
  A jackal skeleton (D:4)
  A quokka skeleton (D:6)
  8 rats
132 creatures vanquished.

Notes
Turn   | Place    | Note
-------+----------+-------------------------------------------
     0 | D:1      | wirefist the Troll Berserker began the quest for the Orb.
     0 | D:1      | Reached XP level 1. HP: 22/22 MP: 0/0
   211 | D:1      | Reached XP level 2. HP: 29/29 MP: 1/1
   719 | D:2      | Reached XP level 3. HP: 36/36 MP: 2/2
   760 | D:2      | Reached ** piety under Trog
  1120 | D:2      | Found a glowing golden altar of the Shining One.
  1208 | D:2      | Reached XP level 4. HP: 45/45 MP: 3/3
  1682 | D:3      | Found a bloodstained altar of Trog.
  2277 | D:3      | Reached XP level 5. HP: 50/53 MP: 4/4
  2430 | D:4      | Reached *** piety under Trog
  2463 | D:4      | Reached XP level 6. HP: 44/62 MP: 5/5
  2633 | D:4      | Found a staircase to the Ecumenical Temple.
  2649 | Temple   | Entered the Ecumenical Temple
  3243 | D:5      | Entered Level 5 of the Dungeon
  3423 | D:5      | Reached XP level 7. HP: 71/71 MP: 6/6
  3486 | D:5      | Got a polished cloak
  3497 | D:5      | Reached skill level 5 in Maces & Flails
  3527 | D:5      | Identified the +0 cloak of the Worm {rF++ Str+4} (You found
                  | it on level 5 of the Dungeon)
  4075 | D:6      | Reached skill level 5 in Fighting
  4075 | D:6      | Reached skill level 5 in Dodging
  4087 | D:6      | Reached XP level 8. HP: 80/80 MP: 7/7
  4110 | D:6      | Got a crude hunting sling
  4111 | D:6      | Identified the +2 hunting sling of Peril {freeze, rPois
                  | rC++ Dex-3} (You found it on level 6 of the Dungeon)
  4254 | D:6      | Found Neatucw's Magic Scroll Shoppe.
  4336 | D:6      | Found an iron altar of Okawaru.
  4414 | D:6      | Found a glowing silver altar of Zin.
  4886 | D:6      | HP: 4/83 [killer bee (9)]
  4886 | D:6      | HP: 1/83 [killer bee (3)]
  4887 | D:6      | Reached **** piety under Trog
  5030 | D:6      | HP: 3/83 [killer bee (10)]
  5031 | D:6      | HP: 1/83 [poisoned by a killer bee]
  5031 | D:6      | Slain by a killer bee

Levels and vault maps discovered:
D:1:      dpeg_arrival_rhombus, layout_loops_ring
D:2:      layout_loops_ring, nicolae_tso_carved_into_rock
D:3:      layout_basic, bloody_trog, first_ration
D:4:      layout_basic, minmay_temple_entry_metal_lava
D:5:      layout_loops_ring
D:6:      layout_cave_pools, lemuel_doored_altar, serial_shops, shop,
          ebering_dispersal_statue_hall, minmay_misc_feat_cross, okawaru_trees_1
D:7:      layout_gridville, hangedman_ru_absence,
          gammafunk_temple_overflow_forgotten
Temple:   dpeg_chambers_temple

Skill      XL: |  1  2  3  4  5  6  7  8 |
---------------+-------------------------+-----
Maces & Flails | 3 4 5 6 |  6.6
Fighting       | 3 4 5 6 |  6.0
Dodging        | 3 4 5 6 |  6.0

Action                   |  1- 3 |  4- 6 |  7- 9 || total
-------------------------+-------+-------+-------++-------
Melee: Mace              |   156 |   159 |       ||   315
       Giant spiked club |       |     4 |       ||     4
       Giant club        |       |       |   239 ||   239
Invok: Berserk           |       |     2 |     7 ||     9
       Trog's Hand       |       |       |     2 ||     2
  Use: Scroll            |       |       |     5 ||     5
       Potion            |       |       |     2 ||     2
 Stab: Sleeping          |     1 |       |       ||     1
  Eat: Chunk             |    17 |    23 |    22 ||    62
Armor: Animal skin       |    67 |    67 |   106 ||   240
Dodge: Dodged            |    92 |   101 |   235 ||   428

Table legend:
 A = Non-vault XP
 B = Vault XP
 C = Vault XP percentage of total XP
 D = Non-vault monster count
 E = Vault monster count
 F = Vault count percentage of total count
                 A         B        C        D         E       F
            +---------+---------+-------+---------+---------+-------
      Total |    2548 |       0 |   0.0 |     132 |       0 |   0.0
            +---------+---------+-------+---------+---------+-------
        D:1 |      38 |       0 |   0.0 |      18 |       0 |   0.0
        D:2 |      59 |       0 |   0.0 |      25 |       0 |   0.0
        D:3 |     106 |       0 |   0.0 |      18 |       0 |   0.0
        D:4 |     365 |       0 |   0.0 |      15 |       0 |   0.0
        D:5 |     561 |       0 |   0.0 |      18 |       0 |   0.0
        D:6 |    1070 |       0 |   0.0 |      30 |       0 |   0.0
        D:7 |     349 |       0 |   0.0 |       8 |       0 |   0.0
            +---------+---------+-------+---------+---------+-------
